 Dungeon Crawl Stone Soup version 0.29.1-1-gd02db6906a (webtiles) character file.

Game seed: 14466817307034606011

17 zeram the Chiller (level 2, -1/17 HPs)
             Began as an Octopode Ice Elementalist on Oct 10, 2022.
             Slain by an adder (3 damage)
             ... on level 2 of the Dungeon.
             The game lasted 00:01:00 (848 turns).

zeram the Chiller (Octopode Ice Elementalist)        Turns: 848, Time: 00:01:01

Health: -1/17      AC:  1    Str:  7    XL:     2   Next: 62%
Magic:  5/5        EV: 13    Int: 17    God:
Gold:   85         SH:  0    Dex: 12    Spells: 4/5 levels left

rFire   . . .      SeeInvis .   b - +0 dagger
rCold   . . .      Faith    .   (no shield)
rNeg    . . .      Spirit   .   (helmet restricted)
rPois   .          Reflect  .   (no amulet)
rElec   .          Harm     .   (no ring)
rCorr   .          Rampage  .   (no ring)
Will    .....                   (no ring)
Stlth   +++.......              (no ring)
HPRegen 0.05/turn               (no ring)
MPRegen 0.09/turn               (no ring)
                                (no ring)
                                (no ring)

@: no status effects
A: almost no armour, amphibious, 8 rings, camouflage 1, gelatinous body 1,
(nimble swimmer 1), tentacles
a: no special abilities


You were on level 2 of the Dungeon.
You visited 1 branch of the dungeon, and saw 2 of its levels.

You collected 85 gold pieces.

Inventory:

Hand Weapons
 b - a +0 dagger (weapon)
Scrolls
 d - 5 scrolls of identify {unknown}
 e - 2 scrolls of enchant armour {unknown}
 g - a scroll of immolation {unknown}
Potions
 a - a potion of magic
 c - a potion of haste {unknown}
 f - a potion of brilliance {unknown}


   Skills:
 + Level 2.1 Dodging
 - Level 2.6 Stealth
 + Level 2.1 Spellcasting
 + Level 4.5 Ice Magic


You had 4 spell levels left.
You knew the following spells:

 Your Spells              Type           Power      Damage    Failure   Level
a - Freeze                Ice            68%        1d8       3%          1

Your spell library contained the following spells:

 Spells                   Type           Power      Damage    Failure   Level
 Frozen Ramparts          Ice            34%        1d6       9%          3
 Ozocubu's Armour         Ice            17%        N/A       9%          3
 Hailstorm                Conj/Ice       9%         3d4       58%         4


Dungeon Overview and Level Annotations

Branches:
Dungeon (2/15)

Altars:


Innate Abilities, Weirdness & Mutations

You cannot wear most types of armour.
You are amphibious.
You can wear up to eight rings at the same time.
Your skin changes colour to match your surroundings (Stealth+).
Your rubbery body absorbs attacks. (AC +1, EV +1)
((You are camouflaged when in or above water. (Stealth+)))
You have tentacles for arms and can constrict up to eight enemies at once.


Message History

There are monsters nearby!
Found a metallic emerald potion.
The frilled lizard hisses angrily.
The hobgoblin shouts!
There is an open door here.
An endoplasm comes into view.
The hobgoblin hits you.
You hit the hobgoblin but do no damage. You grab the hobgoblin.
You constrict the hobgoblin. The frilled lizard misses you.
The hobgoblin barely misses you.
You hit the hobgoblin.
The hobgoblin is heavily wounded.
You constrict the hobgoblin. The frilled lizard barely misses you.
The hobgoblin barely misses you.
You hit the hobgoblin but do no damage. You squeeze the hobgoblin.
You kill the hobgoblin!
The adder misses you. The frilled lizard misses you.
You miss the adder. You grab the adder. You squeeze the adder.
The adder is heavily wounded.
You constrict the adder. The adder bites you.
You are poisoned.
The adder poisons you! The adder barely misses you.
The frilled lizard barely misses you.
You hit the adder but do no damage.
The adder is heavily wounded.
You constrict the adder.
You feel sick. The adder bites you but does no damage. The endoplasm hits you.
The frilled lizard barely misses you.
You are too injured to fight recklessly!
You release your grip on the adder.
You feel sick. The adder bites you.
* * * LOW HITPOINT WARNING * * *
The endoplasm jiggles.
The adder attacks as you move away! The adder misses you.
The endoplasm attacks as you move away! The endoplasm closely misses you.
You feel sick.
There is an open door here.
The frilled lizard attacks as you move away!
The frilled lizard misses you.
You feel sick. The adder closely misses you.
You feel sick.
You are no longer poisoned.
The adder bites you.
You die...

.........#
.........###
...........#
...........#
...........#
!......J...#
#######l####
#S#################
#.@................
###################
#........# #
#.######.# #
#.#<...#.# #
#.####.#.# #
#......#.####
########.....
######


You could see an adder, an endoplasm and a frilled lizard.

Vanquished Creatures
  A bat (D:1)
  An endoplasm (D:1)
  A giant cockroach (D:1)
  3 goblins (D:1)
  3 hobgoblins
  A kobold (D:1)
  2 ball pythons (D:1)
  A frilled lizard (D:1)
  A rat (D:1)
14 creatures vanquished.

Notes
Turn   | Place    | Note
-------+----------+-------------------------------------------
     0 | D:1      | zeram the Octopode Ice Elementalist began the quest for the
                  | Orb.
     0 | D:1      | Reached XP level 1. HP: 11/11 MP: 3/3
   201 | D:1      | Reached XP level 2. HP: 15/17 MP: 5/5
   405 | D:1      | Found a faded altar of an unknown god.
   848 | D:2      | Slain by an adder

Illustrated notes

Levels and vault maps discovered:
D:1:      psy_arrival_conway, layout_basic, ebering_ecumenical_altar_box
D:2:      layout_basic, minmay_tetromino_t2, uniq_sigmund

Action                   || total
-------------------------++-------
Melee: Dagger            ||    24
       Tentacles         ||     7
       Unarmed           ||     3
       Constrict         ||     8
 Cast: Freeze            ||     1
 Stab: Sleeping          ||     4
Armor: Skin              ||     5
Dodge: Dodged            ||    20
